Flames vs Rangers
(R1)
Created - 17 mars 2017 at 19:03
Goals
|
| Flames |
1 |
0 |
1 |
2 |
| Rangers |
0 |
3 |
1 |
4 |
|
Shots
|
| Flames |
17 |
8 |
11 |
36 |
| Rangers |
16 |
11 |
5 |
32 |
|
1st period
1. Flames , Alexander Semin 35 (Robyn Regehr, David Backes) at 14:50 (PP)
Penalties :
Chris Bourque (NYR) for Roughing (Minor) at 14:33, Stephen Weiss (NYR) for Slashing (Minor) at 15:39
2nd period
2. Rangers , Mark Fistric 7 (Chris Bourque, Alexandre Bolduc) at 0:25
3. Rangers , Stephen Weiss 16 (Milan Lucic) at 1:34 (PP)
4. Rangers , Mark Fistric 8 (Matt Read, Alexandre Bolduc) at 9:32
Penalties :
Jordin Tootoo (Cal) for Hooking (Minor) at 1:21, Darren Reid (NYR) for Roughing (Minor) at 4:21, Valtteri Filppula (NYR) for Tripping (Minor) at 7:17, Alexander Semin (Cal) for High sticking (Minor) at 9:35, Jordin Tootoo (Cal) for Tripping (Minor) at 13:31
3rd period
5. Rangers , Jakob Silfverberg 30 (Staffan Kronwall, Mike Cammalleri) at 2:02
6. Flames , Eric Staal 31 (Alexander Semin) at 2:08
Penalties :
Brendan Mikkelson (Cal) for Goalie Interference (Minor) at 6:44
Goalie Stats
Pekka Rinne (Cal), 28 saves from 32 shots - (0,875), L, 24-20-5, 60:00 minutes
Henrik Lundqvist (NYR), 34 saves from 36 shots - (0,944), W, 23-12-1, 60:00 minutes
Players Stats for Flames
Player Name G A P +/- PIM S H SB GA TA FO MP PP MP PK MP
------------------------------------------------------------------------------------
Alexander Semin 1 1 2 1 2 7 3 0 1 0 0/0 20:14 3:36 1:53
Brad Marchand 0 0 0 0 0 3 3 0 2 0 1/1 10:23 0:14 2:39
Brendan Mikkelson 0 0 0 1 2 1 1 0 0 0 0/0 10:51 0:14 0:00
Colin Wilson 0 0 0 0 0 0 0 0 0 0 4/5 6:48 0:00 0:00
David Backes 0 1 1 1 0 2 0 0 0 0 1/2 17:35 3:36 0:00
Eric Staal 1 0 1 1 0 5 3 1 1 0 14/30 20:14 3:36 1:52
Erik Johnson 0 0 0 -2 0 4 2 4 1 1 0/0 23:20 3:12 0:00
Jordin Tootoo 0 0 0 -1 4 0 2 0 0 0 0/0 16:43 0:14 2:06
Marcel Goc 0 0 0 -2 0 0 1 1 0 0 5/12 15:15 0:00 3:38
Mark Bell 0 0 0 -1 0 4 3 0 1 1 1/1 14:37 0:00 0:12
Michel Ouellet 0 0 0 -2 0 3 1 1 0 1 0/0 14:01 2:24 0:00
Noah Welch 0 0 0 -1 0 1 1 0 0 1 0/1 10:14 3:02 0:00
Patrik Berglund 0 0 0 -1 0 0 1 1 1 0 6/13 16:49 2:24 0:00
Robyn Regehr 0 1 1 -1 0 2 1 0 0 1 0/0 22:30 3:02 2:26
Ron Hainsey 0 0 0 0 0 0 0 0 0 1 0/0 19:33 0:00 3:44
Steve Eminger 0 0 0 -2 0 1 6 2 0 1 0/0 25:02 0:00 3:44
Steve Regier 0 0 0 -2 0 3 2 0 2 0 0/0 14:01 2:24 0:00
Tomas Kaberle 0 0 0 1 0 0 2 1 0 0 0/0 15:36 3:12 2:26
Players Stats for Rangers
Player Name G A P +/- PIM S H SB GA TA FO MP PP MP PK MP
------------------------------------------------------------------------------------
Alexandre Bolduc 0 2 2 2 0 0 1 0 0 0 3/5 14:26 0:00 1:59
Alexei Emelin 0 0 0 0 0 0 0 1 0 1 0/0 14:30 0:27 1:15
Bryan Young 0 0 0 0 0 0 0 0 0 0 0/0 6:15 0:00 0:00
Cam Barker 0 0 0 1 0 1 0 1 1 0 0/0 28:02 3:41 3:34
Chris Bourque 0 1 1 2 2 2 1 0 1 1 0/0 13:51 0:00 1:19
Darren Reid 0 0 0 -1 2 2 2 0 1 1 2/2 18:10 3:47 0:52
Gustav Nyquist 0 0 0 0 0 1 0 0 1 0 0/0 5:49 0:00 0:00
Jakob Silfverberg 1 0 1 1 0 5 1 0 0 0 2/3 18:38 2:23 0:00
Mark Fistric 2 0 2 1 0 4 2 2 0 0 0/0 25:22 3:41 3:34
Matt Greene 0 0 0 0 0 2 0 0 0 1 0/0 7:54 0:13 1:25
Matt Read 0 1 1 2 0 1 2 0 0 0 0/0 12:56 0:15 0:00
Mike Cammalleri 0 1 1 1 0 0 0 1 1 1 0/1 20:39 2:23 1:57
Milan Lucic 0 1 1 -1 0 3 1 0 2 1 6/15 25:08 3:32 3:42
Nathan Gerbe 0 0 0 0 0 0 0 0 0 1 0/1 5:49 0:00 0:00
Ryan Suter 0 0 0 1 0 2 0 0 0 1 0/0 21:22 2:29 2:40
Staffan Kronwall 0 1 1 1 0 1 0 0 0 1 0/0 16:35 1:49 0:00
Stephen Weiss 1 0 1 -1 2 7 3 1 0 0 14/26 19:35 3:47 2:25
Valtteri Filppula 0 0 0 1 2 1 1 2 0 0 6/12 18:41 2:23 0:14
3 Stars
1 - Mark Fistric (NYR)
2 - Alexander Semin (Cal)
3 - Eric Staal (Cal)
Power Play
Flames - 1 on 4 Attempt(s) - 25,00%
Rangers - 1 on 4 Attempt(s) - 25,00%
Penalty Kill
Flames - 3 on 4 Attempt(s) - 75,00%
- Score 0 goal in Penalty Kill
Rangers - 3 on 4 Attempt(s) - 75,00%
- Score 0 goal in Penalty Kill
Team Stat
Flames - Hits : 32 - Faceoff Wins : 32 - Blocked Shots : 11 - Penalty Minutes : 8
Rangers - Hits : 14 - Faceoff Wins : 33 - Blocked Shots : 8 - Penalty Minutes : 8
Official
Referees : Kimmerly Greg and Rehman Kyle
Linesman : Ryan Galloway and Brian Mach
Game Notes
Matt Greene is injured at 6:19 of 2nd period (Sports Hernia)
Finance
Level 1 -- Attendance: 4476 (74,60%) -- Ticket Income 402 840 $
Level 2 -- Attendance: 3861 (77,22%) -- Ticket Income 212 355 $
Level 3 -- Attendance: 2000 (100,00%) -- Ticket Income 60 000 $
Level 4 -- Attendance: 4000 (100,00%) -- Ticket Income 80 000 $
Luxury Box -- Attendance: 836 (83,60%) -- Ticket Income 146 300 $
Game was played at the Madison Square Garden.
Total Attendance: 15173 (84,29%)
Total Ticket Income: 901 495 $
Other Income: 135 224 $
Total Income: 1 036 719 $
Flames
5 vs 5 Forward
Center Left Wing Right Wing Time % Phy DF OF
1 Eric Staal Alexander Semin David Backes 39 1 2 2
2 Patrik Berglund Mark Bell Jordin Tootoo 30 1 2 2
3 Marcel Goc Steve Regier Michel Ouellet 21 1 2 2
4 Colin Wilson Brad Marchand Noah Welch 10 1 2 2
5 vs 5 Defense
Defense Defense Time % Phy DF OF
1 Erik Johnson Steve Eminger 40 1 2 2
2 Robyn Regehr Ron Hainsey 30 1 2 2
3 Brendan Mikkelson Tomas Kaberle 20 1 2 2
4 Robyn Regehr Steve Eminger 10 1 2 2
PowerPlay Forward
Center Left Wing Right Wing Time % Phy DF OF
1 Eric Staal Alexander Semin David Backes 60 1 1 3
2 Patrik Berglund Steve Regier Michel Ouellet 40 1 1 3
PowerPlay Defense
Defense Defense Time % Phy DF OF
1 Erik Johnson Tomas Kaberle 60 1 1 3
2 Noah Welch Robyn Regehr 40 1 1 3
Penalty Kill 4 Players Forward
Center Wing Time % Phy DF OF
1 Marcel Goc Jordin Tootoo 60 1 3 1
2 Eric Staal Alexander Semin 40 1 3 1
Penalty Kill 4 Players Defense
Defense Defense Time % Phy DF OF
1 Ron Hainsey Steve Eminger 60 1 4 0
2 Robyn Regehr Tomas Kaberle 40 1 4 0
Penalty Kill - 3 Players Forward
Forward Time % Phy DF OF
1 Eric Staal 60 1 4 0
2 Alexander Semin 40 1 4 0
Penalty Kill - 3 Players Defense
Defense Defense Time % Phy DF OF
1 Ron Hainsey Steve Eminger 60 1 4 0
2 Robyn Regehr Tomas Kaberle 40 1 4 0
4 vs 4 Forward
Center Wing Time % Phy DF OF
1 Eric Staal Alexander Semin 60 1 2 2
2 Patrik Berglund Jordin Tootoo 40 1 2 2
4 vs 4 Defense
Defense Defense Time % Phy DF OF
1 Erik Johnson Steve Eminger 60 1 2 2
2 Robyn Regehr Tomas Kaberle 40 1 2 2
Last Minutes Offensive
Center Left Wing Right Wing Defense Defense
Eric Staal Alexander Semin David Backes Erik Johnson Steve Eminger
Last Minutes Defensive
Center Left Wing Right Wing Defense Defense
Eric Staal Alexander Semin David Backes Erik Johnson Steve Eminger
Goaltenders
Starting : Pekka Rinne
Backup : Craig Anderson
Extra Forwards
Normal : Alexander Semin, Jordin Tootoo, Steve Regier - PP : Jordin Tootoo, Steve Regier - PK : Brad Marchand
Extra Defensemen
Normal : Erik Johnson, Tomas Kaberle, Ron Hainsey - PP : Noah Welch - PK : Erik Johnson, Tomas Kaberle
Penalty Shots
Eric Staal, Alexander Semin, Patrik Berglund, David Backes, Colin Wilson
Rangers
5 vs 5 Forward
Center Left Wing Right Wing Time % Phy DF OF
1 Stephen Weiss Milan Lucic Darren Reid 40 1 2 2
2 Valtteri Filppula Mike Cammalleri Jakob Silfverberg 30 1 2 2
3 Alexandre Bolduc Chris Bourque Matt Read 20 1 2 2
4 Milan Lucic Nathan Gerbe Gustav Nyquist 10 1 2 2
5 vs 5 Defense
Defense Defense Time % Phy DF OF
1 Cam Barker Mark Fistric 40 1 2 2
2 Matt Greene Ryan Suter 30 1 2 2
3 Staffan Kronwall Alexei Emelin 20 1 2 2
4 Bryan Young Cam Barker 10 1 2 2
PowerPlay Forward
Center Left Wing Right Wing Time % Phy DF OF
1 Stephen Weiss Milan Lucic Darren Reid 60 1 2 2
2 Valtteri Filppula Mike Cammalleri Jakob Silfverberg 40 1 2 2
PowerPlay Defense
Defense Defense Time % Phy DF OF
1 Cam Barker Mark Fistric 60 1 2 2
2 Matt Greene Ryan Suter 40 1 2 2
Penalty Kill 4 Players Forward
Center Wing Time % Phy DF OF
1 Milan Lucic Stephen Weiss 60 1 2 2
2 Mike Cammalleri Darren Reid 40 1 2 2
Penalty Kill 4 Players Defense
Defense Defense Time % Phy DF OF
1 Cam Barker Mark Fistric 60 1 2 2
2 Matt Greene Ryan Suter 40 1 2 2
Penalty Kill - 3 Players Forward
Forward Time % Phy DF OF
1 Milan Lucic 60 1 2 2
2 Stephen Weiss 40 1 2 2
Penalty Kill - 3 Players Defense
Defense Defense Time % Phy DF OF
1 Cam Barker Mark Fistric 60 1 2 2
2 Matt Greene Ryan Suter 40 1 2 2
4 vs 4 Forward
Center Wing Time % Phy DF OF
1 Milan Lucic Stephen Weiss 60 1 2 2
2 Mike Cammalleri Darren Reid 40 1 2 2
4 vs 4 Defense
Defense Defense Time % Phy DF OF
1 Cam Barker Mark Fistric 60 1 2 2
2 Matt Greene Ryan Suter 40 1 2 2
Last Minutes Offensive
Center Left Wing Right Wing Defense Defense
Stephen Weiss Milan Lucic Darren Reid Cam Barker Mark Fistric
Last Minutes Defensive
Center Left Wing Right Wing Defense Defense
Stephen Weiss Milan Lucic Darren Reid Cam Barker Mark Fistric
Goaltenders
Starting : Henrik Lundqvist
Backup : Hannu Toivonen
Extra Forwards
Normal : Matt Read, Chris Bourque, Alexandre Bolduc - PP : Matt Read, Chris Bourque - PK : Alexandre Bolduc
Extra Defensemen
Normal : Staffan Kronwall, Alexei Emelin, Bryan Young - PP : Staffan Kronwall - PK : Alexei Emelin, Bryan Young
Penalty Shots
Milan Lucic, Stephen Weiss, Mike Cammalleri, Darren Reid, Jakob Silfverberg
% Time on Ice - Flames
Lines # - Real PCT - Wanted PCT - Time Play
Normal Forward
1 - 31% - 39% - 14:46
2 - 30% - 30% - 14:25
3 - 24% - 21% - 11:37
4 - 14% - 10% - 6:48
Normal Defense
1 - 44% - 40% - 21:09
2 - 29% - 30% - 13:54
3 - 20% - 20% - 9:25
4 - 7% - 10% - 3:08
PP Forward
1 - 61% - 60% - 3:50
2 - 39% - 40% - 2:24
PP Defense
1 - 51% - 60% - 3:12
2 - 49% - 40% - 3:02
PK Forward
1 - 85% - 60% - 5:16
2 - 15% - 40% - 0:54
PK Defense
1 - 61% - 60% - 3:44
2 - 39% - 40% - 2:26
PK3 Forward
1 - 0% - 60%
2 - 0% - 40%
PK3 Defense
1 - 0% - 60%
2 - 0% - 40%
44 Forward
1 - 0% - 60%
2 - 0% - 40%
44 Defense
1 - 0% - 60%
2 - 0% - 40%
Last Minute Offensive - 0:00
Last Minute Defensive - 0:00
Total
Forward - 60:00
Defense - 60:00
|
% Time on Ice - Rangers
Lines # - Real PCT - Wanted PCT - Time Play
Normal Forward
1 - 28% - 40% - 13:24
2 - 35% - 30% - 16:47
3 - 25% - 20% - 11:40
4 - 12% - 10% - 5:45
Normal Defense
1 - 38% - 40% - 18:07
2 - 36% - 30% - 17:04
3 - 19% - 20% - 9:08
4 - 7% - 10% - 3:17
PP Forward
1 - 61% - 60% - 3:47
2 - 39% - 40% - 2:23
PP Defense
1 - 60% - 60% - 3:41
2 - 40% - 40% - 2:29
PK Forward
1 - 73% - 60% - 4:34
2 - 27% - 40% - 1:40
PK Defense
1 - 57% - 60% - 3:34
2 - 43% - 40% - 2:40
PK3 Forward
1 - 0% - 60%
2 - 0% - 40%
PK3 Defense
1 - 0% - 60%
2 - 0% - 40%
44 Forward
1 - 0% - 60%
2 - 0% - 40%
44 Defense
1 - 0% - 60%
2 - 0% - 40%
Last Minute Offensive - 0:00
Last Minute Defensive - 0:00
Total
Forward - 60:00
Defense - 60:00
|
Play by Play
1st period
0:01 of 1st period - David Backes wins face-off versus Stephen Weiss in neutral zone.
0:04 of 1st period - Milan Lucic is hit by Eric Staal and loses puck.
0:11 of 1st period - Slapshot by Milan Lucic.
0:11 of 1st period - Deflect By Stephen Weiss.
0:11 of 1st period - Stopped by Pekka Rinne with a rebound.
0:13 of 1st period - Slapshot by Mark Fistric.
0:13 of 1st period - Shot Blocked by Erik Johnson.
0:15 of 1st period - Snap shot by Darren Reid.
0:15 of 1st period - Stopped by Pekka Rinne with a rebound.
0:27 of 1st period - Mark Fistric is hit by Patrik Berglund.
0:37 of 1st period - Wrist shot by Mike Cammalleri.
0:37 of 1st period - Shot Misses the Net.
0:55 of 1st period - Snap shot by Alexandre Bolduc.
0:55 of 1st period - Shot Misses the Net.
1:09 of 1st period - Snap shot by Milan Lucic.
1:09 of 1st period - Stopped by Pekka Rinne without a rebound.
1:10 of 1st period - Colin Wilson wins face-off versus Milan Lucic in Flames zone.
1:20 of 1st period - Wrist shot by Gustav Nyquist.
1:20 of 1st period - Stopped by Pekka Rinne with a rebound.
1:59 of 1st period - Matt Greene is hit by Mark Bell and loses puck.
3:09 of 1st period - Off-side.
3:10 of 1st period - Valtteri Filppula wins face-off versus Patrik Berglund in neutral zone.
3:35 of 1st period - Wrist shot by Mark Bell.
3:35 of 1st period - Stopped by Henrik Lundqvist with a rebound.
3:37 of 1st period - Slapshot by Brendan Mikkelson.
3:37 of 1st period - Stopped by Henrik Lundqvist with a rebound.
3:41 of 1st period - Snap shot by Alexander Semin.
3:41 of 1st period - Stopped by Henrik Lundqvist with a rebound.
3:43 of 1st period - Slapshot by Brendan Mikkelson.
3:43 of 1st period - Shot Misses the Net.
4:17 of 1st period - Slapshot by Brad Marchand.
4:17 of 1st period - Stopped by Henrik Lundqvist without a rebound.
4:18 of 1st period - Valtteri Filppula wins face-off versus Colin Wilson in Rangers zone.
4:33 of 1st period - Slapshot by Erik Johnson.
4:33 of 1st period - Shot Blocked by Mike Cammalleri.
4:36 of 1st period - Icing by Cam Barker.
4:37 of 1st period - Valtteri Filppula wins face-off versus Eric Staal in Rangers zone.
4:54 of 1st period - Snap shot by Jakob Silfverberg.
4:54 of 1st period - Deflect By Tomas Kaberle.
4:54 of 1st period - Stopped by Pekka Rinne with a rebound.
4:56 of 1st period - Snap shot by Cam Barker.
4:56 of 1st period - Shot Blocked by Eric Staal.
4:58 of 1st period - Slapshot by Cam Barker.
4:58 of 1st period - Stopped by Pekka Rinne without a rebound.
4:59 of 1st period - Stephen Weiss wins face-off versus Patrik Berglund in Flames zone.
5:07 of 1st period - Slapshot by Milan Lucic.
5:07 of 1st period - Stopped by Pekka Rinne with a rebound.
5:09 of 1st period - Slapshot by Matt Greene.
5:09 of 1st period - Shot Misses the Net.
6:31 of 1st period - Snap shot by Milan Lucic.
6:31 of 1st period - Stopped by Pekka Rinne without a rebound.
6:32 of 1st period - Mark Bell wins face-off versus Alexandre Bolduc in Flames zone.
7:22 of 1st period - Mike Cammalleri is hit by Alexander Semin.
7:26 of 1st period - Slapshot by Ryan Suter.
7:26 of 1st period - Stopped by Pekka Rinne with a rebound.
7:39 of 1st period - Icing by Alexei Emelin.
7:40 of 1st period - Milan Lucic wins face-off versus Patrik Berglund in Rangers zone.
8:31 of 1st period - Tomas Kaberle is hit by Matt Read and loses puck.
8:46 of 1st period - Snap shot by Jordin Tootoo.
8:46 of 1st period - Deflect By Milan Lucic.
8:46 of 1st period - Shot Blocked by Cam Barker.
8:46 of 1st period - Puck is out of play.
8:47 of 1st period - Stephen Weiss wins face-off versus Eric Staal in Rangers zone.
8:54 of 1st period - Wrist shot by Eric Staal.
8:54 of 1st period - Stopped by Henrik Lundqvist with a rebound.
8:56 of 1st period - Snap shot by Alexander Semin.
8:56 of 1st period - Stopped by Henrik Lundqvist with a rebound.
8:58 of 1st period - Slapshot by Alexander Semin.
8:58 of 1st period - Shot Misses the Net.
9:00 of 1st period - Slapshot by Erik Johnson.
9:00 of 1st period - Stopped by Henrik Lundqvist with a rebound.
9:23 of 1st period - Snap shot by Chris Bourque.
9:23 of 1st period - Shot Blocked by Michel Ouellet.
9:25 of 1st period - Slapshot by Matt Greene.
9:25 of 1st period - Stopped by Pekka Rinne without a rebound.
9:26 of 1st period - Colin Wilson wins face-off versus Milan Lucic in Flames zone.
9:43 of 1st period - Mark Fistric is hit by Brad Marchand and loses puck.
9:54 of 1st period - David Backes is hit by Mark Fistric and loses puck.
10:16 of 1st period - Snap shot by Steve Regier.
10:16 of 1st period - Stopped by Henrik Lundqvist with a rebound.
10:18 of 1st period - Snap shot by Michel Ouellet.
10:18 of 1st period - Stopped by Henrik Lundqvist with a rebound.
10:20 of 1st period - Backhand shot by Steve Regier.
10:20 of 1st period - Stopped by Henrik Lundqvist without a rebound.
10:21 of 1st period - Stephen Weiss wins face-off versus Marcel Goc in Rangers zone.
10:48 of 1st period - Mike Cammalleri is hit by Eric Staal and loses puck.
11:09 of 1st period - Snap shot by David Backes.
11:09 of 1st period - Stopped by Henrik Lundqvist without a rebound.
11:10 of 1st period - Alexandre Bolduc wins face-off versus Patrik Berglund in Rangers zone.
11:36 of 1st period - Wrist shot by Alexandre Bolduc.
11:36 of 1st period - Shot Misses the Net.
11:46 of 1st period - Snap shot by Chris Bourque.
11:46 of 1st period - Shot Hit the Post.
11:48 of 1st period - Slapshot by Matt Greene.
11:48 of 1st period - Stopped by Pekka Rinne without a rebound.
11:49 of 1st period - Eric Staal wins face-off versus Stephen Weiss in Flames zone.
12:25 of 1st period - Slapshot by Cam Barker.
12:25 of 1st period - Shot Blocked by Erik Johnson.
12:51 of 1st period - Wrist shot by Colin Wilson.
12:51 of 1st period - Shot Misses the Net.
13:11 of 1st period - Snap shot by Jordin Tootoo.
13:11 of 1st period - Deflect By Staffan Kronwall.
13:11 of 1st period - Shot Misses the Net.
13:11 of 1st period - Puck is out of play.
13:12 of 1st period - Eric Staal wins face-off versus Valtteri Filppula in Rangers zone.
13:15 of 1st period - Snap shot by David Backes.
13:15 of 1st period - Stopped by Henrik Lundqvist with a rebound.
13:17 of 1st period - Wrist shot by David Backes.
13:17 of 1st period - Shot Misses the Net.
13:39 of 1st period - Valtteri Filppula is hit by Robyn Regehr and loses puck.
14:08 of 1st period - Snap shot by Stephen Weiss.
14:08 of 1st period - Shot Misses the Net.
14:10 of 1st period - Wrist shot by Ryan Suter.
14:10 of 1st period - Shot Blocked by Tomas Kaberle.
14:33 of 1st period - Minor Penalty to Chris Bourque for Roughing.
14:34 of 1st period - Milan Lucic wins face-off versus David Backes in Rangers zone.
14:44 of 1st period - Snap shot by David Backes.
14:44 of 1st period - Shot Blocked by Mark Fistric.
14:46 of 1st period - Slapshot by Robyn Regehr.
14:46 of 1st period - Shot Misses the Net.
14:48 of 1st period - Snap shot by Robyn Regehr.
14:48 of 1st period - Stopped by Henrik Lundqvist with a rebound.
14:50 of 1st period - Snap shot by Alexander Semin.
14:50 of 1st period - Goal by Alexander Semin - Flames : 1 - Rangers : 0.
14:51 of 1st period - Eric Staal wins face-off versus Stephen Weiss in neutral zone.
15:00 of 1st period - Slapshot by Stephen Weiss.
15:00 of 1st period - Shot Misses the Net.
15:02 of 1st period - Slapshot by Mark Fistric.
15:02 of 1st period - Stopped by Pekka Rinne without a rebound.
15:03 of 1st period - Stephen Weiss wins face-off versus Eric Staal in Flames zone.
15:06 of 1st period - Snap shot by Milan Lucic.
15:06 of 1st period - Shot Blocked by Erik Johnson.
15:08 of 1st period - Wrist shot by Mark Fistric.
15:08 of 1st period - Stopped by Pekka Rinne with a rebound.
15:20 of 1st period - Wrist shot by Stephen Weiss.
15:20 of 1st period - Stopped by Pekka Rinne without a rebound.
15:21 of 1st period - Patrik Berglund wins face-off versus Valtteri Filppula in Flames zone.
15:21 of 1st period - Patrik Berglund is hit by Valtteri Filppula.
15:35 of 1st period - Wrist shot by Jordin Tootoo.
15:35 of 1st period - Deflect By Patrik Berglund.
15:35 of 1st period - Shot Blocked by Valtteri Filppula.
15:35 of 1st period - Puck is out of play.
15:36 of 1st period - Stephen Weiss wins face-off versus Eric Staal in Rangers zone.
15:36 of 1st period - Stephen Weiss is hit by Eric Staal.
15:39 of 1st period - Minor Penalty to Stephen Weiss for Slashing.
15:40 of 1st period - Eric Staal wins face-off versus Milan Lucic in Rangers zone.
15:46 of 1st period - Slapshot by Alexander Semin.
15:46 of 1st period - Stopped by Henrik Lundqvist without a rebound.
15:47 of 1st period - Milan Lucic wins face-off versus Eric Staal in Rangers zone.
16:06 of 1st period - Snap shot by Alexander Semin.
16:06 of 1st period - Stopped by Henrik Lundqvist with a rebound.
16:15 of 1st period - Off-side.
16:16 of 1st period - Patrik Berglund wins face-off versus Milan Lucic in neutral zone.
17:18 of 1st period - Icing by Eric Staal.
17:19 of 1st period - Patrik Berglund wins face-off versus Valtteri Filppula in Flames zone.
17:39 of 1st period - Penalty to Stephen Weiss is over, Stephen Weiss is back on ice.
17:57 of 1st period - Wrist shot by Jakob Silfverberg.
17:57 of 1st period - Stopped by Pekka Rinne without a rebound.
17:58 of 1st period - Valtteri Filppula wins face-off versus Marcel Goc in Flames zone.
18:01 of 1st period - Snap shot by Jakob Silfverberg.
18:01 of 1st period - Stopped by Pekka Rinne with a rebound.
18:23 of 1st period - Staffan Kronwall is hit by Steve Eminger and loses puck.
18:30 of 1st period - Wrist shot by Erik Johnson.
18:30 of 1st period - Stopped by Henrik Lundqvist with a rebound.
18:32 of 1st period - Backhand shot by Erik Johnson.
18:32 of 1st period - Shot Misses the Net.
19:32 of 1st period - Wrist shot by Jakob Silfverberg.
19:32 of 1st period - Shot Misses the Net.
Goals for this period are 1 for Flames vs 0 for Rangers.
Shots for this period are 17 for Flames vs 16 for Rangers.
2nd period
0:01 of 2nd period - Stephen Weiss wins face-off versus Eric Staal in neutral zone.
0:06 of 2nd period - Stephen Weiss is hit by Steve Eminger and loses puck.
0:15 of 2nd period - Wrist shot by Eric Staal.
0:15 of 2nd period - Stopped by Henrik Lundqvist with a rebound.
0:17 of 2nd period - Snap shot by Alexander Semin.
0:17 of 2nd period - Stopped by Henrik Lundqvist without a rebound.
0:18 of 2nd period - Alexandre Bolduc wins face-off versus Marcel Goc in Rangers zone.
0:23 of 2nd period - Slapshot by Mark Fistric.
0:23 of 2nd period - Deflect By Chris Bourque.
0:23 of 2nd period - Stopped by Pekka Rinne with a rebound.
0:25 of 2nd period - Slapshot by Mark Fistric.
0:25 of 2nd period - Goal by Mark Fistric - Flames : 1 - Rangers : 1.
0:26 of 2nd period - Stephen Weiss wins face-off versus Eric Staal in neutral zone.
1:21 of 2nd period - Minor Penalty to Jordin Tootoo for Hooking.
1:22 of 2nd period - Stephen Weiss wins face-off versus Marcel Goc in Flames zone.
1:34 of 2nd period - Wrist shot by Stephen Weiss.
1:34 of 2nd period - Goal by Stephen Weiss - Flames : 1 - Rangers : 2.
1:35 of 2nd period - Eric Staal wins face-off versus Stephen Weiss in neutral zone.
2:02 of 2nd period - Matt Read is hit by Erik Johnson and loses puck.
4:10 of 2nd period - Wrist shot by Michel Ouellet.
4:10 of 2nd period - Stopped by Henrik Lundqvist with a rebound.
4:12 of 2nd period - Slapshot by Steve Regier.
4:12 of 2nd period - Stopped by Henrik Lundqvist with a rebound.
4:14 of 2nd period - Slapshot by Steve Eminger.
4:14 of 2nd period - Stopped by Henrik Lundqvist without a rebound.
4:15 of 2nd period - Stephen Weiss wins face-off versus Eric Staal in Rangers zone.
4:21 of 2nd period - Minor Penalty to Darren Reid for Roughing.
4:22 of 2nd period - Eric Staal wins face-off versus Milan Lucic in Rangers zone.
4:58 of 2nd period - Mike Cammalleri is hit by Michel Ouellet and loses puck.
5:49 of 2nd period - Milan Lucic is hit by Erik Johnson and loses puck.
6:18 of 2nd period - Matt Greene is hit by Jordin Tootoo and loses puck.
6:19 of 2nd period - Matt Greene from Rangers is injured at 6:19 of 2nd period (Sports Hernia).
6:20 of 2nd period - Eric Staal wins face-off versus Milan Lucic in Rangers zone.
6:21 of 2nd period - Penalty to Darren Reid is over, Darren Reid is back on ice.
6:47 of 2nd period - Jakob Silfverberg is hit by Mark Bell and loses puck.
7:15 of 2nd period - Slapshot by Mark Bell.
7:15 of 2nd period - Stopped by Henrik Lundqvist with a rebound.
7:17 of 2nd period - Minor Penalty to Valtteri Filppula for Tripping.
7:18 of 2nd period - Milan Lucic wins face-off versus Eric Staal in Rangers zone.
7:18 of 2nd period - Milan Lucic is hit by Alexander Semin.
7:44 of 2nd period - Erik Johnson is hit by Darren Reid and loses puck.
8:28 of 2nd period - Icing by Erik Johnson.
8:29 of 2nd period - Eric Staal wins face-off versus Mike Cammalleri in Flames zone.
8:55 of 2nd period - Ryan Suter is hit by Tomas Kaberle.
9:08 of 2nd period - Icing by David Backes.
9:09 of 2nd period - Eric Staal wins face-off versus Milan Lucic in Flames zone.
9:14 of 2nd period - Snap shot by Alexander Semin.
9:14 of 2nd period - Shot Misses the Net.
9:17 of 2nd period - Penalty to Valtteri Filppula is over, Valtteri Filppula is back on ice.
9:28 of 2nd period - Snap shot by Alexandre Bolduc.
9:28 of 2nd period - Deflect By Matt Read.
9:28 of 2nd period - Stopped by Pekka Rinne with a rebound.
9:30 of 2nd period - Slapshot by Mark Fistric.
9:30 of 2nd period - Shot Blocked by Patrik Berglund.
9:32 of 2nd period - Slapshot by Mark Fistric.
9:32 of 2nd period - Goal by Mark Fistric - Flames : 1 - Rangers : 3.
9:33 of 2nd period - Eric Staal wins face-off versus Stephen Weiss in neutral zone.
9:35 of 2nd period - Minor Penalty to Alexander Semin for High sticking.
9:36 of 2nd period - Marcel Goc wins face-off versus Stephen Weiss in Flames zone.
9:45 of 2nd period - Slapshot by Darren Reid.
9:45 of 2nd period - Shot Misses the Net.
9:51 of 2nd period - Wrist shot by Stephen Weiss.
9:51 of 2nd period - Stopped by Pekka Rinne with a rebound.
9:53 of 2nd period - Snap shot by Stephen Weiss.
9:53 of 2nd period - Shot Blocked by Steve Eminger.
10:09 of 2nd period - Snap shot by Jakob Silfverberg.
10:09 of 2nd period - Shot Blocked by Marcel Goc.
10:45 of 2nd period - Stephen Weiss is hit by Brad Marchand and loses puck.
11:06 of 2nd period - Snap shot by Mark Bell.
11:06 of 2nd period - Stopped by Henrik Lundqvist without a rebound.
11:07 of 2nd period - Jakob Silfverberg wins face-off versus Marcel Goc in Rangers zone.
11:35 of 2nd period - Penalty to Alexander Semin is over, Alexander Semin is back on ice.
12:16 of 2nd period - Off-side.
12:17 of 2nd period - Patrik Berglund wins face-off versus Valtteri Filppula in neutral zone.
13:01 of 2nd period - Stephen Weiss is hit by Steve Regier.
13:09 of 2nd period - Slapshot by Ryan Suter.
13:09 of 2nd period - Stopped by Pekka Rinne without a rebound.
13:10 of 2nd period - Jakob Silfverberg wins face-off versus Patrik Berglund in Flames zone.
13:25 of 2nd period - Slapshot by Mike Cammalleri.
13:25 of 2nd period - Shot Misses the Net.
13:31 of 2nd period - Minor Penalty to Jordin Tootoo for Tripping.
13:32 of 2nd period - Marcel Goc wins face-off versus Stephen Weiss in Flames zone.
13:40 of 2nd period - Off-side.
13:41 of 2nd period - Marcel Goc wins face-off versus Stephen Weiss in neutral zone.
14:33 of 2nd period - Icing by Milan Lucic.
14:34 of 2nd period - Eric Staal wins face-off versus Stephen Weiss in Rangers zone.
14:45 of 2nd period - Wrist shot by Milan Lucic.
14:45 of 2nd period - Shot Misses the Net.
14:59 of 2nd period - Snap shot by Stephen Weiss.
14:59 of 2nd period - Deflect By Milan Lucic.
14:59 of 2nd period - Shot Misses the Net.
14:59 of 2nd period - Puck is out of play.
15:00 of 2nd period - Brad Marchand wins face-off versus Valtteri Filppula in Flames zone.
15:09 of 2nd period - Wrist shot by Eric Staal.
15:09 of 2nd period - Stopped by Henrik Lundqvist without a rebound.
15:10 of 2nd period - Valtteri Filppula wins face-off versus Eric Staal in Rangers zone.
15:17 of 2nd period - Snap shot by Jakob Silfverberg.
15:17 of 2nd period - Shot Misses the Net.
15:19 of 2nd period - Snap shot by Mike Cammalleri.
15:19 of 2nd period - Shot Misses the Net.
15:21 of 2nd period - Wrist shot by Valtteri Filppula.
15:21 of 2nd period - Shot Blocked by Steve Eminger.
15:31 of 2nd period - Penalty to Jordin Tootoo is over, Jordin Tootoo is back on ice.
15:37 of 2nd period - Backhand shot by Mark Bell.
15:37 of 2nd period - Shot Misses the Net.
15:49 of 2nd period - Wrist shot by Valtteri Filppula.
15:49 of 2nd period - Stopped by Pekka Rinne without a rebound.
15:50 of 2nd period - Darren Reid wins face-off versus Eric Staal in Flames zone.
15:59 of 2nd period - Cam Barker is hit by Tomas Kaberle and loses puck.
16:16 of 2nd period - Patrik Berglund is hit by Milan Lucic and loses puck.
16:24 of 2nd period - Snap shot by Patrik Berglund.
16:24 of 2nd period - Shot Blocked by Mark Fistric.
16:38 of 2nd period - Wrist shot by Chris Bourque.
16:38 of 2nd period - Shot Blocked by Erik Johnson.
17:16 of 2nd period - Erik Johnson is hit by Stephen Weiss and loses puck.
17:29 of 2nd period - Wrist shot by Mark Bell.
17:29 of 2nd period - Shot Misses the Net.
17:44 of 2nd period - Icing by Alexei Emelin.
17:45 of 2nd period - Alexandre Bolduc wins face-off versus Noah Welch in Rangers zone.
17:50 of 2nd period - Wrist shot by Noah Welch.
17:50 of 2nd period - Shot Blocked by Valtteri Filppula.
17:52 of 2nd period - Slapshot by Noah Welch.
17:52 of 2nd period - Shot Misses the Net.
18:14 of 2nd period - Alexander Semin is hit by Stephen Weiss.
18:15 of 2nd period - Icing by Alexander Semin.
18:16 of 2nd period - Stephen Weiss wins face-off versus Eric Staal in Flames zone.
18:19 of 2nd period - Snap shot by Darren Reid.
18:19 of 2nd period - Stopped by Pekka Rinne without a rebound.
18:20 of 2nd period - Stephen Weiss wins face-off versus Eric Staal in Flames zone.
18:25 of 2nd period - Snap shot by Stephen Weiss.
18:25 of 2nd period - Stopped by Pekka Rinne with a rebound.
19:19 of 2nd period - Matt Read is hit by Steve Regier.
19:41 of 2nd period - Steve Eminger is hit by Stephen Weiss.
19:51 of 2nd period - Snap shot by Jakob Silfverberg.
19:51 of 2nd period - Stopped by Pekka Rinne without a rebound.
19:52 of 2nd period - Eric Staal wins face-off versus Valtteri Filppula in Flames zone.
Goals for this period are 0 for Flames vs 3 for Rangers.
Shots for this period are 8 for Flames vs 11 for Rangers.
3rd period
0:01 of 3rd period - Eric Staal wins face-off versus Stephen Weiss in neutral zone.
0:27 of 3rd period - Mark Bell is hit by Mark Fistric and loses puck.
0:47 of 3rd period - Icing by Jordin Tootoo.
0:48 of 3rd period - Patrik Berglund wins face-off versus Alexandre Bolduc in Flames zone.
1:22 of 3rd period - David Backes is hit by Alexandre Bolduc and loses puck.
1:27 of 3rd period - Snap shot by Chris Bourque.
1:27 of 3rd period - Stopped by Pekka Rinne without a rebound.
1:28 of 3rd period - Stephen Weiss wins face-off versus Patrik Berglund in Flames zone.
1:45 of 3rd period - Patrik Berglund is hit by Darren Reid and loses puck.
1:58 of 3rd period - Wrist shot by Mike Cammalleri.
1:58 of 3rd period - Shot Misses the Net.
2:00 of 3rd period - Slapshot by Staffan Kronwall.
2:00 of 3rd period - Stopped by Pekka Rinne with a rebound.
2:02 of 3rd period - Snap shot by Jakob Silfverberg.
2:02 of 3rd period - Goal by Jakob Silfverberg - Flames : 1 - Rangers : 4.
2:03 of 3rd period - Eric Staal wins face-off versus Stephen Weiss in neutral zone.
2:08 of 3rd period - Wrist shot by Eric Staal.
2:08 of 3rd period - Goal by Eric Staal - Flames : 2 - Rangers : 4.
2:09 of 3rd period - Stephen Weiss wins face-off versus Eric Staal in neutral zone.
2:09 of 3rd period - Milan Lucic is hit by Steve Eminger and loses puck.
2:46 of 3rd period - Snap shot by Michel Ouellet.
2:46 of 3rd period - Stopped by Henrik Lundqvist without a rebound.
2:47 of 3rd period - Stephen Weiss wins face-off versus Eric Staal in Rangers zone.
2:58 of 3rd period - Wrist shot by Stephen Weiss.
2:58 of 3rd period - Deflect By Eric Staal.
2:58 of 3rd period - Stopped by Pekka Rinne with a rebound.
3:02 of 3rd period - Wrist shot by Stephen Weiss.
3:02 of 3rd period - Stopped by Pekka Rinne without a rebound.
3:03 of 3rd period - Valtteri Filppula wins face-off versus Patrik Berglund in Flames zone.
3:38 of 3rd period - Snap shot by Patrik Berglund.
3:38 of 3rd period - Shot Misses the Net.
3:40 of 3rd period - Slapshot by Erik Johnson.
3:40 of 3rd period - Stopped by Henrik Lundqvist without a rebound.
3:41 of 3rd period - Darren Reid wins face-off versus Eric Staal in Rangers zone.
3:41 of 3rd period - Darren Reid is hit by Alexander Semin.
3:55 of 3rd period - Wrist shot by Alexander Semin.
3:55 of 3rd period - Stopped by Henrik Lundqvist with a rebound.
6:22 of 3rd period - Alexei Emelin is hit by Brendan Mikkelson and loses puck.
6:44 of 3rd period - Minor Penalty to Brendan Mikkelson for Goalie Interference.
6:45 of 3rd period - Marcel Goc wins face-off versus Jakob Silfverberg in Flames zone.
8:32 of 3rd period - Darren Reid is hit by Brad Marchand.
8:44 of 3rd period - Penalty to Brendan Mikkelson is over, Brendan Mikkelson is back on ice.
8:54 of 3rd period - Chris Bourque is hit by Steve Eminger and loses puck.
9:21 of 3rd period - Chris Bourque is hit by Mark Bell and loses puck.
9:45 of 3rd period - Gustav Nyquist is hit by Steve Eminger and loses puck.
10:54 of 3rd period - Bryan Young is hit by Jordin Tootoo and loses puck.
11:07 of 3rd period - Darren Reid is hit by Marcel Goc and loses puck.
11:12 of 3rd period - Slapshot by Erik Johnson.
11:12 of 3rd period - Stopped by Henrik Lundqvist without a rebound.
11:13 of 3rd period - Colin Wilson wins face-off versus Milan Lucic in Rangers zone.
11:16 of 3rd period - Snap shot by Brad Marchand.
11:16 of 3rd period - Stopped by Henrik Lundqvist with a rebound.
11:18 of 3rd period - Snap shot by Brad Marchand.
11:18 of 3rd period - Stopped by Henrik Lundqvist without a rebound.
11:19 of 3rd period - Colin Wilson wins face-off versus Milan Lucic in Rangers zone.
12:11 of 3rd period - Wrist shot by Mark Bell.
12:11 of 3rd period - Shot Blocked by Alexei Emelin.
12:13 of 3rd period - Slapshot by Mark Bell.
12:13 of 3rd period - Shot Misses the Net.
12:32 of 3rd period - Wrist shot by Marcel Goc.
12:32 of 3rd period - Shot Misses the Net.
13:03 of 3rd period - Colin Wilson is hit by Matt Read and loses puck.
14:14 of 3rd period - Wrist shot by Mark Bell.
14:14 of 3rd period - Shot Blocked by Stephen Weiss.
14:38 of 3rd period - Nathan Gerbe is hit by Noah Welch and loses puck.
15:20 of 3rd period - Snap shot by Mark Bell.
15:20 of 3rd period - Stopped by Henrik Lundqvist with a rebound.
17:02 of 3rd period - Snap shot by Noah Welch.
17:02 of 3rd period - Stopped by Henrik Lundqvist without a rebound.
17:03 of 3rd period - Marcel Goc wins face-off versus Stephen Weiss in Rangers zone.
17:26 of 3rd period - Bryan Young is hit by Steve Eminger and loses puck.
17:31 of 3rd period - Snap shot by Alexander Semin.
17:31 of 3rd period - Shot Misses the Net.
17:37 of 3rd period - Slapshot by Alexander Semin.
17:37 of 3rd period - Shot Misses the Net.
17:39 of 3rd period - Snap shot by Robyn Regehr.
17:39 of 3rd period - Stopped by Henrik Lundqvist without a rebound.
17:40 of 3rd period - Milan Lucic wins face-off versus Marcel Goc in Rangers zone.
17:53 of 3rd period - Snap shot by Milan Lucic.
17:53 of 3rd period - Shot Misses the Net.
18:17 of 3rd period - Slapshot by Eric Staal.
18:17 of 3rd period - Stopped by Henrik Lundqvist without a rebound.
18:18 of 3rd period - Milan Lucic wins face-off versus Marcel Goc in Rangers zone.
18:43 of 3rd period - Erik Johnson is hit by Jakob Silfverberg and loses puck.
18:52 of 3rd period - Wrist shot by Jakob Silfverberg.
18:52 of 3rd period - Shot Misses the Net.
19:12 of 3rd period - Steve Regier is hit by Chris Bourque and loses puck.
19:34 of 3rd period - Icing by Ryan Suter.
19:35 of 3rd period - Patrik Berglund wins face-off versus Nathan Gerbe in Rangers zone.
Goals for this period are 1 for Flames vs 1 for Rangers.
Shots for this period are 11 for Flames vs 5 for Rangers.
Back to the Top